 Dungeon Crawl Stone Soup version 0.17.0-28-g6e173f8 (console) character file.

246 Kloppie the Firebug (level 6, 0/36 HPs)
             Began as an Octopode Fire Elementalist on Dec 2, 2015.
             Slain by a giant frog (6 damage)
             ... on level 4 of the Dungeon.
             The game lasted 00:06:33 (3601 turns).

Kloppie the Firebug (Octopode Fire Elementalist)    Turns: 3601, Time: 00:06:33

Health: 0/36       AC:  3    Str:  8    XL:     6   Next: 11%
Magic:  0/11       EV: 12    Int: 19    God:
Gold:   220        SH:  0    Dex: 12    Spells: 3 memorised, 4 levels left

rFire  . . .     SeeInvis .     r - +0 war axe
rCold  . . .     Clarity  .     (no shield)
rNeg   . . .     SustAt   .     j - +2 hat
rPois  .         Gourm    .     (no amulet)
rElec  .         Spirit   .     (no ring)
rCorr  .         Warding  .     (no ring)
rMut   .         Stasis   .     (no ring)
MR     .....                    (no ring)
Stlth  +++.......               (no ring)
                                (no ring)
                                (no ring)
                                (no ring)

@: not resistant to hostile enchantments, fairly stealthy
A: almost no armour, amphibious, 8 rings, constrict 8, camouflage 1, gelatinous
body 1
a: no special abilities


You were on level 4 of the Dungeon.
You were hungry.

You visited 1 branch of the dungeon, and saw 4 of its levels.

You collected 220 gold pieces.

Inventory:

Hand Weapons
 d - a +0 dagger
 l - a +0 whip
 r - a +0 war axe (weapon)
Armour
 j - a +2 hat (worn)
Jewellery
 t - a cursed ring of teleportation {unknown}
Scrolls
 e - a scroll of enchant armour {unknown}
 g - 2 scrolls of identify {unknown}
 h - 4 scrolls of remove curse {unknown}
 i - 3 scrolls of teleportation {unknown}
 p - a scroll of amnesia {unknown}
 s - a scroll of magic mapping {unknown}
 u - a scroll of recharging {unknown}
Potions
 c - a potion of agility {unknown}
 f - a potion of haste {unknown}
 k - a potion of cancellation {unknown}
 o - a potion of heal wounds {unknown}
 v - a potion of berserk rage {unknown}
Books
 a - a book of Flames

   Spells                             Type                      Level
   a - Flame Tongue                   Conjuration/Fire             1
   b - Throw Flame                    Conjuration/Fire             2
   c - Conjure Flame                  Conjuration/Fire             3
   d - Inner Flame                    Hexes/Fire                   3
   e - Sticky Flame                   Conjuration/Fire             4
   f - Fireball                       Conjuration/Fire             5
Comestibles
 b - 2 bread rations
 m - 2 fruits
 n - 4 chunks of flesh
 q - a meat ration


   Skills:
 - Level 2.0 Dodging
 - Level 2.6 Stealth
 + Level 3.6 Spellcasting
 + Level 3.3 Conjurations
 + Level 4.5 Fire Magic


You had 4 spell levels left.
You knew the following spells:

 Your Spells              Type           Power        Failure   Level  Hunger
a - Flame Tongue          Conj/Fire      ###..        3%          1    None
b - Conjure Flame         Conj/Fire      ###.....     12%         3    ###....
c - Sticky Flame          Conj/Fire      ###.....     34%         4    ####...


Dungeon Overview and Level Annotations

Branches:
Dungeon (4/15)
 Temple: D:4-7

Altars:

Annotations:
D:3 exclusion: sky beast


Innate Abilities, Weirdness & Mutations

You cannot wear most types of armour.
You are amphibious.
You can wear up to eight rings at the same time.
You can use your tentacles to constrict eight enemies at once.
Your skin changes colour to match your surroundings (Stealth).
Your rubbery body absorbs attacks (AC +1).


Message History

Casting: Flame Tongue
Confirm with . or Enter, or press ? or * to list all spells.
Aiming: Flame Tongue
Press: ? - help, Shift-Dir - straight line, f/p - giant frog
Aim: a giant frog (severely wounded)
The flame tongue hits the giant frog.
The giant frog is almost dead.
The giant frog hits you!
* * * LOW HITPOINT WARNING * * *
Casting: Flame Tongue
Confirm with . or Enter, or press ? or * to list all spells.
Aiming: Flame Tongue
Press: ? - help, Shift-Dir - straight line, f/p - giant frog
Aim: a giant frog (almost dead)
The flame tongue hits the giant frog.
The giant frog is almost dead.
The giant frog hits you.
* * * LOW HITPOINT WARNING * * *
The giant frog hits you.
You die...

##### #########...# ##
........#...# ...
........#...# ....
....(...#...# .....
........#...#####......
........'...@F.........
........#...#####..)...
#.#.#+#.#+#.#.#. #####
.#.#.#.#...#.#.#.
#.#.#.#.....#.#.#. .#
#.#.#...#.#.#.#.
#.#.#.....#.#.#.#
#.#.#.#.#.#.#.#..
#.#.#.#.#.#.#.#.#


You could see a giant frog.

Vanquished Creatures
  An orc priest (D:3)
  An orc wizard (D:3)
  An iguana (D:4)
  A worker ant (D:4)
  2 gnolls
  3 adders
  A shadow imp (D:3)
  An adder skeleton (D:4)
  2 worms
  8 orcs (D:3)
  A ball python (D:1)
  5 bats
  3 giant cockroaches
  6 goblins
  6 hobgoblins
  6 jackals (D:3)
  A quokka (D:2)
  2 giant newts
  8 kobolds
  8 rats
67 creatures vanquished.

Notes
Turn   | Place    | Note
--------------------------------------------------------------
     0 | D:1      | Kloppie the Octopode Fire Elementalist began the quest for the Orb.
     0 | D:1      | Reached XP level 1. HP: 11/11 MP: 3/3
   331 | D:1      | Reached XP level 2. HP: 17/17 MP: 3/5
  1081 | D:2      | Reached XP level 3. HP: 19/21 MP: 1/6
  1519 | D:1      | Reached XP level 4. HP: 21/27 MP: 0/8
  1871 | D:3      | Learned a level 3 spell: Conjure Flame
  1876 | D:3      | Learned a level 4 spell: Sticky Flame
  2089 | D:3      | Noticed a sky beast
  2712 | D:3      | Reached XP level 5. HP: 28/31 MP: 1/9
  2958 | D:3      | Reached skill level 4 in Fire Magic
  3596 | D:4      | Reached XP level 6. HP: 26/36 MP: 5/11
  3601 | D:4      | Slain by a giant frog

Action                   |  1- 3 |  4- 6 || total
-------------------------+-------+-------++-------
Melee: Dagger            |    20 |       ||    20
       Whip              |     7 |    36 ||    43
       War axe           |       |    11 ||    11
 Cast: Flame Tongue      |    28 |    77 ||   105
 Stab: Sleeping          |     5 |     3 ||     8
       Distracted        |       |     1 ||     1
  Eat: Chunk             |     2 |     6 ||     8
